 Dungeon Crawl Stone Soup version 0.31.0-9-g3a7656b989 (webtiles) character file.

Game seed: 4285792278067533531

30 qw the Shooter (level 3, -1/20 HPs)
             Began as a Deep Elf Hunter on Feb 3, 2024.
             Succumbed to their own poison gas
             ... on level 1 of the Dungeon.
             The game lasted 00:00:03 (545 turns).

qw the Shooter (Deep Elf Hunter)                     Turns: 545, Time: 00:00:04

Health: -1/20      AC:  7    Str: 13    XL:     3   Next: 3%
Magic:  5/5        EV: 26    Int: 13    God:
Gold:   46         SH:  0    Dex: 21    Spells: 2/2 levels left

rFire   . . .        a - +1 shortbow
rCold   . . .        (shield currently unavailable)
rNeg    . . .        d - +0 ring mail
rPois   .            g - +0 helmet
rElec   .            i - +0 cloak
rCorr   .            (no gloves)
SInv    .            (no boots)
Will    .....        c - amulet of the Sneaky Xeniums {Acrobat Str+3 Dex+3}
Stlth   +            (no ring)
HPRegen 0.23/turn    (no ring)
MPRegen 0.09/turn

%: acrobat
@: lethally poisoned (-1 -> -7), acrobatic
A: no striking features
a: no special abilities


You were on level 1 of the Dungeon.
You visited 1 branch of the dungeon, and saw 1 of its levels.

You collected 46 gold pieces.


   Skills:
 - Level 1.5 Fighting
 + Level 6.6 Ranged Weapons
 - Level 2.4 Dodging
 - Level 1.2 Stealth


You had 2 spell levels left.
You didn't know any spells.
Your spell library was empty.

Inventory:

Hand Weapons
 a - a +1 shortbow (weapon)
Armour
 d - a +0 ring mail (worn)
 g - a +0 helmet (worn)
 i - a +0 cloak (worn)
Jewellery
 c - the amulet of the Sneaky Xeniums (around neck) {Acrobat Str+3 Dex+3}
   (You acquired it on level 1 of the Dungeon)

   [amulet of the acrobat]

   Acrobat:   It increases your evasion while moving and waiting.
   Str+3:     It affects your strength (+3).
   Dex+3:     It affects your dexterity (+3).
Potions
 h - a potion of curing {unknown}
 k - a potion of mutation {unknown}

Dungeon Overview and Level Annotations

Branches:
Dungeon (1/15)

Altars:


Message History

You start putting on your amulet.
You continue putting on the amulet of the Sneaky Xeniums {Acrobat Str+3 Dex+3}. x5
You finish putting on the amulet of the Sneaky Xeniums {Acrobat Str+3 Dex+3}.
You feel ready to tumble and roll out of harm's way.
You feel stronger.
You feel agile.
c - the amulet of the Sneaky Xeniums (around neck) {Acrobat Str+3 Dex+3} Done exploring.
538 ||| READING scroll labelled ILLIM OSMOELAN.
As you read the scroll labelled ILLIM OSMOELAN, it crumbles to dust.
It is a scroll of enchant weapon.
538 ||| ENCHANTING +0 shortbow.
Your +0 shortbow glows red for a moment.
Done exploring.
539 ||| DROPPING scroll of butterflies.
You drop a scroll of butterflies.
Done exploring.
What level of the Dungeon? (default 1, ? - help) Sorry, I don't know how to get there.
Enter note:
Enter note:
Enter note:
Enter note:
Enter note:
Enter note:
Enter note:
Enter note:
Enter note: You are engulfed in poison gas.
You are lethally poisoned!
You feel very sick.
541 ||| Stepping ~*~*~tactically~*~*~ (cloud).
You feel very sick.
Things that are here:
a scroll of butterflies; a +0 leather armour
There is a lethal amount of poison in your body!
You feel very sick.
There is a lethal amount of poison in your body!
You feel sick.
There is a lethal amount of poison in your body!
You feel sick.
There is a lethal amount of poison in your body!
You die...

.# .# .# ## ########
.......############
##.#..##.#..##.#.0#
#.##..#.##..#.##@.#
....##....##..0.###
.##..#.##..#.##..###
.##.#..##.#..##.#..#
....##....##...0##.#
##.#..##.#..##0#...#
#.##..#.##..#0##...#
....##....##....##.#
.##.)#.##..#.##..#.#


There were no monsters in sight!

Vanquished Creatures
  A dart slug (D:1)
  An endoplasm (D:1)
  A giant cockroach (D:1)
  3 hobgoblins (D:1)
  5 kobolds (D:1)
  2 quokkas (D:1)
  2 ball pythons (D:1)
  3 bats (D:1)
  4 frilled lizards (D:1)
  2 goblins (D:1)
  4 rats (D:1)
28 creatures vanquished.

Notes
Turn   | Place    | Note
-------+----------+-------------------------------------------
     0 | D:1      | qw the Deep Elf Hunter began the quest for the Orb.
     0 | D:1      | Reached XP level 1. HP: 12/12 MP: 3/3
     0 | D:1      | 0 ||| qw: Version: 0.3-a-155-g5e7d8dd
     0 | D:1      | 0 ||| qw: Game counter: 3053
     0 | D:1      | 0 ||| qw: Melee chars always use a shield: true
     0 | D:1      | 0 ||| qw: God list: Okawaru
     0 | D:1      | 0 ||| qw: Allow faded altars: false
     0 | D:1      | 0 ||| qw: Do Orc after clearing Dungeon:15 true
     0 | D:1      | 0 ||| qw: Do second Lair branch before Depths: true
     0 | D:1      | 0 ||| qw: Lair rune preference: random
     0 | D:1      | 0 ||| qw: Goals: Normal
     0 | D:1      | 0 ||| PLANNING D:1-11
   101 | D:1      | Reached XP level 2. HP: 12/16 MP: 4/4
   124 | D:1      | Reached skill level 6 in Ranged Weapons
   393 | D:1      | Reached XP level 3. HP: 20/20 MP: 5/5
   509 | D:1      | 509 ||| UPGRADING to +0 ring mail.
   519 | D:1      | 519 ||| DROPPING +0 leather armour.
   520 | D:1      | 520 ||| UPGRADING to +0 helmet.
   525 | D:1      | 525 ||| UPGRADING to +0 cloak.
   530 | D:1      | 530 ||| READING scroll labelled MONUAF ERELIE.
   531 | D:1      | 531 ||| READING scroll labelled FOUCVY KAPS.
   531 | D:1      | Identified a scroll of acquirement
   531 | D:1      | 531 ||| ACQUIRING amulet of the Sneaky Xeniums {Acrobat
                  | Str+3 Dex+3}
   531 | D:1      | Acquired the amulet of the Sneaky Xeniums {Acrobat Str+3
                  | Dex+3}
   533 | D:1      | 533 ||| UPGRADING to amulet of the Sneaky Xeniums {Acrobat
                  | Str+3 Dex+3}.
   538 | D:1      | 538 ||| READING scroll labelled ILLIM OSMOELAN.
   538 | D:1      | 538 ||| ENCHANTING +0 shortbow.
   539 | D:1      | 539 ||| DROPPING scroll of butterflies.
   541 | D:1      | 541 ||| Stepping ~*~*~tactically~*~*~ (cloud).
   542 | D:1      | HP: 4/20 [poisoned by you (poison gas)]
   544 | D:1      | HP: 1/20 [poisoned by you (poison gas)]
   545 | D:1      | Succumbed to their own poison gas

Levels and vault maps discovered:
D:1:      matt_arrival_grand_opening, layout_rooms, nicolae_eternal_life

Skill      XL: |  1  2 |
---------------+-------+-----
Ranged Weapons | 6 |  6.6
Fighting       | |  1.5
Dodging        | |  2.4
Stealth        | |  1.2

Action                     || total
---------------------------++-------
   Fire: Shortbow          ||    81
    Use: Scroll            ||     3
 Armour: Leather armour    ||     8
  Dodge: Dodged            ||    11

Table legend:
 A = Non-vault XP
 B = Vault XP
 C = Vault XP percentage of total XP
 D = Non-vault monster count
 E = Vault monster count
 F = Vault count percentage of total count
                 A         B        C        D         E       F
            +---------+---------+-------+---------+---------+-------
      Total |      43 |       0 |   0.0 |      28 |       0 |   0.0
            +---------+---------+-------+---------+---------+-------
        D:1 |      43 |       0 |   0.0 |      28 |       0 |   0.0
            +---------+---------+-------+---------+---------+-------
